cohdb
Replays
Latest Replays
All Replays
Popular Replays
Top Player Replays
Match Explorer
How It Works
Community
CoH3 Stats
Reddit
Sign in to upload your games and track your stats! →
Sign in with Steam
Match 42775880
Unlisted
Match 42775880
Overview
Messages
Build Orders
End
Selects Mechanized Battlegroup
Construct Infanterie Kompanie
Grenadier Squad
Kettenkrad Recon Vehicle
GrW 34 Mortar Team
Grenadier Squad
Medical Bunker
MG 42 Machine Gun Team
Construct Panzergrenadier Kompanie
Construct Panzer Kompanie
Selects Mobile Repair Stations
MG 42 Bunker
Selects Wespe Self-propelled Artillery
Grenadier Squad
Panzer IV Medium Tank
Selects Mechanized Assault
Side Skirts
重慶森林
Nost.exe
JSN
Abeli
0
0
Comments
sign in to comment!
No comments posted yet!